 Dungeon Crawl Stone Soup version 0.25.1-2-g60ff931df9 (webtiles) character file.

Game seed: 12736910563739073898

541 1player the Skirmisher (level 7, 0/59 HPs)
             Began as a Formicid Abyssal Knight on Aug 5, 2020.
             Was a Believer of Lugonu.
             Slain by Edmund
             ... wielding a +4 dire flail of venom
              (7 damage)
             ... on level 4 of the Dungeon.
             The game lasted 00:12:33 (4149 turns).

1player the Skirmisher (Formicid Abyssal Knight)    Turns: 4149, Time: 00:12:34

Health: 0/59       AC:  5    Str: 19    XL:     7   Next: 51%
Magic:  9/9        EV: 12    Int: 11    God:    Lugonu [**....]
Gold:   218        SH:  0    Dex: 10    Spells: 6/6 levels left

rFire    . . .     SeeInvis +   a - +2 dagger (elec)
rCold    . . .     Gourm    .   (no shield)
rNeg     + . .     Faith    .   E - +0 ring mail
rPois    .         Spirit   .   (helmet unavailable)
rElec    .         Reflect  .   (no cloak)
rCorr    .         Harm     .   (no gloves)
MR       .....                  (no boots)
Stlth    ..........             w - amulet of magic regeneration
HPRegen  0.19/turn              B - ring of positive energy
MPRegen  0.36/turn              (no ring)

@: mighty, lethally poisoned (0 -> -23)
A: permanent stasis, dig shafts and tunnels, four strong arms, antennae 3
a: Dig, Shaft Self, Depart the Abyss, Bend Space, Renounce Religion


You were on level 4 of the Dungeon.
You worshipped Lugonu.
Lugonu was pleased with you.
You were hungry.

You visited 1 branch of the dungeon, and saw 4 of its levels.
You visited the Abyss 1 time.

You collected 218 gold pieces.

Inventory:

Hand Weapons
 a - a +2 dagger of electrocution (weapon)
 b - a +2 short sword of venom
Missiles
 x - 12 poisoned darts (quivered)
Armour
 E - a +0 ring mail (worn)
Jewellery
 w - an amulet of magic regeneration (around neck)
 y - an uncursed ring of fire
 B - a ring of positive energy (left hand)
Scrolls
 f - a scroll of immolation {unknown}
 m - 4 scrolls of remove curse {@r2}
 o - 2 scrolls of blinking {unknown}
 v - a scroll of amnesia {unknown}
 C - 5 scrolls of identify {@r1}
Potions
 h - a potion of mutation {!q}
 k - 2 potions of cancellation
 G - a potion of lignification
Comestibles
 e - 5 rations {!d}
 F - a chunk of flesh


   Skills:
 + Level 6.4 Fighting
 - Level 2.0 Short Blades
 + Level 1.7 Throwing
 - Level 2.1 Armour
 - Level 4.1 Dodging
 + Level 3.3 Invocations


You had 6 spell levels left.
You didn't know any spells.
Your spell library was empty.

Dungeon Overview and Level Annotations

Branches:
Dungeon (4/15)
 Temple: D:4-7

Altars:
Ashenzari
Okawaru
Ru
Sif Muna
Uskayaw

Annotations:
D:4 Edmund


Innate Abilities, Weirdness & Mutations

You cannot be hasted, slowed, berserked, paralysed or teleported.
You can dig through walls and to a lower floor.
Your four strong arms can wield two-handed weapons with a shield.
You have a pair of large antennae on your head. (SInv)


Message History

You are more poisoned.
You puncture Edmund!
Edmund is heavily wounded.
You feel sick.
Edmund hits you with a +4 dire flail of venom.
* * * LOW HITPOINT WARNING * * *
You are more poisoned.
You puncture Edmund! Lightning courses through Edmund!
Edmund is severely wounded.
* * * LOW HITPOINT WARNING * * *
You feel very sick.
Are you sure you want to shaft yourself?
You are feeling hungry.
* * * LOW HITPOINT WARNING * * *
You feel sick. Edmund closely misses you.
You begin to dig a shaft.
You continue digging a shaft.
* * * LOW HITPOINT WARNING * * *
You feel very sick.
Edmund hits you with a +4 dire flail of venom!
You die...

######..####.⌠ #####
###.........#..$ #...#
#...............
#...###...............
#####...##......#.......
####...(...####.........#
##.........#..##.........#
#.#...........#.........##
.#.#.....#......@@(.#....#
#...#....#........#####(.#
.....#............# .....
.≈≈≈.#.............#
....##
≈...≈#...........##..
?...# ≈._.≈#...........#
... ##.##
≈...≈#............ .. .#
.≈≈≈.#............. #.# ..
.....#..........


You could see Edmund.

Vanquished Creatures
  Sigmund (D:2)
  A centaur (D:3)
  A centaur skeleton (D:4)
  A hound (D:4)
  A bullfrog skeleton (D:2)
  3 orc wizards (D:3)
  4 adders
  An ooze (D:3)
  An adder skeleton (D:4)
  4 worms
  3 dart slugs
  6 orcs (D:3)
  3 giant cockroaches
  5 hobgoblins
  11 jackals
  4 kobolds
  A quokka (D:3)
  A ball python (D:3)
  6 bats (D:1)
  2 frilled lizards
  9 goblins
  3 rats
72 creatures vanquished.

Notes
Turn   | Place    | Note
-------+----------+-------------------------------------------
     0 | Abyss:1  | 1player the Formicid Abyssal Knight began the quest for the
                  | Orb.
     0 | Abyss:1  | Reached XP level 1. HP: 18/18 MP: 2/2
     0 | Abyss:1  | Found a corrupted altar of Lugonu.
    31 | Abyss:1  | Noticed an ancient zyme
    33 | D:1      | Escaped the Abyss
   103 | D:1      | Reached skill level 1 in Dodging
   413 | D:1      | Reached XP level 2. HP: 24/24 MP: 3/3
   521 | D:1      | Reached * piety under Lugonu
   892 | D:1      | Reached XP level 3. HP: 26/30 MP: 4/4
  1114 | D:1      | Reached skill level 4 in Fighting
  1350 | D:2      | Noticed Sigmund
  1362 | D:2      | Killed Sigmund
  1362 | D:2      | Reached skill level 5 in Fighting
  1362 | D:2      | Reached XP level 4. HP: 28/39 MP: 5/5
  1362 | D:2      | Reached XP level 5. HP: 31/44 MP: 6/6
  1362 | D:2      | Reached XP level 6. HP: 37/51 MP: 7/7
  2209 | D:2      | Found an iron altar of Okawaru.
  2697 | D:3      | Reached ** piety under Lugonu
  2707 | D:3      | Reached skill level 6 in Fighting
  2925 | D:3      | Found a shattered altar of Ashenzari.
  3031 | D:3      | Reached XP level 7. HP: 58/58 MP: 8/8
  3357 | D:3      | Found a hide-covered altar of Uskayaw.
  3455 | D:3      | Noticed Blork the orc
  3462 | D:3      | Noticed Blork
  3462 | D:3      | Blork the orc changed into Blork the centaur
  3490 | D:3      | Killed Blork the centaur
  3490 | D:3      | Reached skill level 1 in Throwing
  3496 | D:3      | Found a shimmering blue altar of Sif Muna.
  4047 | D:4      | Found a sacrificial altar of Ru.
  4129 | D:4      | Noticed Edmund
  4149 | D:4      | Slain by Edmund

Illustrated notes

Levels and vault maps discovered:
D:1:      lemuel_arrival_muddy, layout_basic, st_stairs_10,
          minmay_misc_feat_rows, minmay_distorted
D:2:      layout_rooms, kennysheep_okawaru_gauntlet, serial_bayou_pond_c,
          minmay_tripent, uniq_sigmund
D:3:      layout_basic, tgw_sif, old_standard_altar, cheibrodos_ashenzari_chains
D:4:      layout_cave_pools, nicolae_ru_awakened_eye,
          nicolae_gozag_seed_capital, nemelex_xobeh_ov_fountains_minmay,
          uniq_edmund

Skill      XL: |  1  2  3  4  5  6  7 |
---------------+----------------------+-----
Dodging        | 1 3 4 |  4.1
Fighting       | 5 6 |  6.4
Throwing       | 1 |  1.7
Invocations    | 3 |  3.3
Short Blades   | |  2.0
Armour         | |  2.1

Action                   |  1- 3 |  4- 6 |  7- 9 || total
-------------------------+-------+-------+-------++-------
Melee: Short sword       |   112 |   105 |       ||   217
       Dagger            |       |     8 |    67 ||    75
Throw: Throwing net      |     1 |       |       ||     1
       Dart              |       |     3 |     7 ||    10
Invok: Depart the Abyss  |     1 |       |       ||     1
 Abil: Shaft Self        |       |       |     1 ||     1
Evoke: Wand              |       |       |     3 ||     3
  Use: Scroll            |     3 |     3 |     2 ||     8
       Potion            |     1 |       |     1 ||     2
  Eat: Chunk             |     1 |     6 |     3 ||    10
Armor: Leather armour    |    44 |    28 |     3 ||    75
       Ring mail         |       |       |     7 ||     7
Dodge: Dodged            |    86 |    71 |    40 ||   197
